General information
- name: BNet
- type: Ladder team game (AT/RT)
- host: Battle.net
- saver: yourfriendlybsr
map: TwilightRuins
- players: 8
- length: 59:17
- speed: Fast
- version: 1.27 W3XP
- replay type: Public
» download(312 KB)
Players
team 1 (winner)
gods_agree (
red | 48 APM | 1258 actions | 26:11)
3 Keeper of the Grove
2 Entangling Roots
1 Thorns Aura
4 Priestess of the Moon
2 Trueshot Aura
2 Searing Arrows
» actions
| Assign group hotkey | 19 | |
| Basic commands | 1 | |
| Build / train | 65 | |
| Enter build submenu | 19 | |
| Enter hero's abilities submenu | 7 | |
| Give item / drop item | 2 | |
| Right click | 493 | |
| Select / deselect | 416 | |
| Select group hotkey | 190 | |
| Use ability | 46 | |
1258 total
» units
| Wisp | 17 | |
| Huntress | 4 | |
| Chimaera | 4 | |
| Goblin Shredder | 2 | |
| Hippogryph | 15 | |
42 total
» upgrades
| Strength of the Wild | 2 | |
| Corrosive Breath | 1 | |
| Reinforced Hides | 2 | |
5 total
» buildings
| Altar of Elders | 1 | |
| Moon Well | 6 | |
| Ancient of War | 1 | |
| Hunter's Hall | 1 | |
| Tree of Ages | 1 | |
| Ancient of Wonders | 1 | |
| Tree of Eternity | 1 | |
| Ancient of Wind | 3 | |
| Tree of Life | 2 | |
| Chimaera Roost | 3 | |
20 total
» build order
00:07 Altar of Elders
00:20 Moon Well
01:41 Ancient of War
01:45 Hunter's Hall
01:56 Moon Well
02:55 Tree of Ages
03:40 Moon Well
04:38 Ancient of Wonders
06:18 Tree of Eternity
06:31 Ancient of Wind
07:31 Tree of Life
07:46 Moon Well
08:45 Chimaera Roost
08:48 Chimaera Roost
08:50 Chimaera Roost
11:55 Moon Well
12:47 Moon Well
13:32 Ancient of Wind
14:20 Ancient of Wind
19:53 Tree of Life
» items
| Scroll of Town Portal | 4 | |
| Moonstone | 2 | |
| Staff of Preservation | 1 | |
7 total
yourfriendlybsr (
yellow | 88 APM | 5199 actions | 59:17)
10 Archmage
3 Summon Water Elemental
3 Brilliance Aura
1 Mass Teleport
3 Blizzard
» actions
| Assign group hotkey | 115 | |
| Basic commands | 309 | |
| Build / train | 219 | |
| ESC pressed | 1 | |
| Enter build submenu | 64 | |
| Enter hero's abilities submenu | 10 | |
| Give item / drop item | 11 | |
| Remove unit from queue | 1 | |
| Right click | 1724 | |
| Select / deselect | 726 | |
| Select group hotkey | 1557 | |
| Use ability | 462 | |
5199 total
» units
| Peasant | 12 | |
| Footman | 9 | |
| Goblin Shredder | 6 | |
| Gryphon Rider | 17 | |
| Goblin Zeppelin | 1 | |
| Goblin Sapper | 2 | |
| Dragonhawk Rider | 5 | |
52 total
» upgrades
| Masonry | 3 | |
| Swords | 3 | |
| Armor | 3 | |
| Animal War Training | 1 | |
| Storm Hammers | 1 | |
| Cloud | 1 | |
| Magic Sentry | 1 | |
| Priest Training | 2 | |
| Sorceress Training | 2 | |
| Control Magic | 1 | |
| Lumber Harvesting | 1 | |
| Plating | 3 | |
| Gunpowder | 3 | |
| Long Rifles | 1 | |
| Defend | 1 | |
| Backpack | 1 | |
28 total
» buildings
| Barracks | 1 | |
| Altar of Kings | 1 | |
| Farm | 10 | |
| Arcane Vault | 1 | |
| Lumber Mill | 1 | |
| Keep | 2 | |
| Town Hall | 5 | |
| Scout Tower | 34 | |
| Arcane Tower | 2 | |
| Guard Tower | 50 | |
| Castle | 3 | |
| Gryphon Aviary | 6 | |
| Blacksmith | 2 | |
| Moon Well | 2 | |
| Arcane Sanctum | 1 | |
121 total
» build order
00:49 Barracks
00:51 Altar of Kings
00:54 Farm
01:05 Farm
01:19 Farm
02:31 Arcane Vault
02:45 Farm
03:05 Lumber Mill
03:33 Farm
04:46 Keep
04:46 Keep
05:16 Town Hall
05:59 Scout Tower
06:00 Scout Tower
06:17 Scout Tower
06:19 Scout Tower
06:29 Arcane Tower
06:29 Guard Tower
07:00 Guard Tower
07:00 Guard Tower
07:25 Castle
07:25 Castle
07:40 Scout Tower
07:40 Scout Tower
07:41 Scout Tower
07:42 Scout Tower
07:44 Scout Tower
08:10 Guard Tower
08:10 Guard Tower
08:10 Guard Tower
08:22 Guard Tower
08:24 Guard Tower
08:24 Guard Tower
08:30 Gryphon Aviary
08:32 Gryphon Aviary
09:21 Gryphon Aviary
09:25 Gryphon Aviary
09:53 Blacksmith
09:54 Blacksmith
10:12 Gryphon Aviary
10:15 Gryphon Aviary
10:18 Farm
11:19 Scout Tower
11:20 Scout Tower
11:52 Guard Tower
11:52 Guard Tower
11:53 Guard Tower
11:53 Guard Tower
11:54 Guard Tower
19:48 Farm
19:50 Farm
19:57 Farm
19:58 Farm
20:03 Scout Tower
20:06 Scout Tower
20:09 Scout Tower
20:38 Guard Tower
21:54 Guard Tower
28:03 Moon Well
28:04 Moon Well
30:27 Scout Tower
30:28 Scout Tower
30:30 Scout Tower
30:31 Scout Tower
30:33 Scout Tower
30:34 Scout Tower
30:35 Scout Tower
30:37 Scout Tower
30:39 Scout Tower
30:41 Scout Tower
30:44 Scout Tower
31:07 Guard Tower
31:15 Guard Tower
31:15 Guard Tower
31:16 Guard Tower
31:18 Arcane Sanctum
31:28 Guard Tower
31:28 Guard Tower
31:28 Guard Tower
31:28 Guard Tower
31:32 Guard Tower
31:33 Guard Tower
31:33 Guard Tower
32:16 Guard Tower
32:17 Guard Tower
32:17 Guard Tower
32:57 Town Hall
32:59 Scout Tower
33:00 Scout Tower
33:01 Scout Tower
33:02 Scout Tower
34:14 Guard Tower
34:15 Guard Tower
34:15 Guard Tower
34:23 Guard Tower
34:23 Guard Tower
37:18 Town Hall
37:20 Scout Tower
37:22 Scout Tower
37:23 Scout Tower
37:24 Scout Tower
37:25 Scout Tower
38:14 Town Hall
38:25 Town Hall
38:51 Arcane Tower
38:51 Guard Tower
» items
| Scroll of Regeneration | 17 | |
| Mechanical Critter | 12 | |
| Staff of Teleportation | 1 | |
| Ivory Tower | 4 | |
| Staff of Sanctuary | 1 | |
| Potion of Lesser Invulnerability | 2 | |
| Periapt of Vitality | 1 | |
| Scroll of Town Portal | 3 | |
| Scroll of Protection | 1 | |
| Potion of Healing | 3 | |
| Potion of Greater Healing | 1 | |
| Scroll of the Beast | 1 | |
47 total

»
Dblbarrelz (
blue | 27 APM | 1618 actions | 59:16)
6 Far Seer
3 Feral Spirit
2 Chain Lighting
1 Earth Quake
5 Shadow Hunter
3 Healing Wave
2 Hex
2 Tauren Chieftain
1 Endurance Aura
1 War Stomp
» actions
| Assign group hotkey | 32 | |
| Basic commands | 251 | |
| Build / train | 112 | |
| Enter build submenu | 23 | |
| Enter hero's abilities submenu | 13 | |
| Give item / drop item | 6 | |
| Remove unit from queue | 2 | |
| Right click | 318 | |
| Select / deselect | 381 | |
| Select group hotkey | 390 | |
| Use ability | 90 | |
1618 total
» units
| Peon | 12 | |
| Grunt | 6 | |
| Goblin Shredder | 1 | |
| Tauren | 4 | |
| Shaman | 7 | |
| Troll Headhunter/Berserker | 13 | |
43 total
» upgrades
| Pillage | 1 | |
| Armor | 3 | |
| Melee Weapons | 3 | |
| Spiked Barricades | 3 | |
| Berserker Strength | 1 | |
| Shaman Training | 2 | |
| Pulverize | 1 | |
| Reinforced Defenses | 1 | |
| Troll Regeneration | 1 | |
| Berserker Upgrade | 1 | |
| Ranged Weapons | 3 | |
| Burning Oil | 1 | |
21 total
» buildings
| Altar of Storms | 1 | |
| Orc Burrow | 11 | |
| Barracks | 1 | |
| Great Hall | 5 | |
| War Mill | 1 | |
| Stronghold | 1 | |
| Voodoo Lounge | 1 | |
| Fortress | 1 | |
| Spirit Lodge | 1 | |
| Tauren Totem | 1 | |
| Watch Tower | 2 | |
26 total
» build order
00:09 Altar of Storms
00:14 Orc Burrow
00:59 Barracks
01:28 Orc Burrow
04:02 Great Hall
04:24 War Mill
06:17 Orc Burrow
07:14 Stronghold
08:20 Orc Burrow
09:27 Voodoo Lounge
10:42 Fortress
11:32 Spirit Lodge
13:02 Orc Burrow
14:43 Tauren Totem
17:06 Orc Burrow
17:08 Orc Burrow
17:09 Orc Burrow
17:15 Great Hall
18:14 Great Hall
18:55 Orc Burrow
20:03 Orc Burrow
20:44 Orc Burrow
24:43 Great Hall
28:04 Watch Tower
28:07 Watch Tower
32:27 Great Hall
» items
| Scroll of Healing | 1 | |
| Periapt of Vitality | 1 | |
| Circlet of Nobility | 1 | |
| Potion of Healing | 6 | |
| Potion of Mana | 2 | |
| Orb of Venom | 2 | |
| Scroll of Town Portal | 5 | |
| Orb of Lightning | 4 | |
| Scroll of Speed | 1 | |
| Lesser Clarity Potion | 2 | |
| Healing Salve | 1 | |
| Orb of Fire | 1 | |
27 total
ChronicKTA (
orange | 28 APM | 1232 actions | 44:34)
6 Death Knight
3 Unholy Aura
2 Death Coil
1 Animate Dead
1 Priestess of the Moon
1 Trueshot Aura
» actions
| Assign group hotkey | 6 | |
| Basic commands | 70 | |
| Build / train | 79 | |
| Enter build submenu | 30 | |
| Enter hero's abilities submenu | 7 | |
| Remove unit from queue | 8 | |
| Right click | 534 | |
| Select / deselect | 427 | |
| Select group hotkey | 18 | |
| Use ability | 53 | |
1232 total
» units
| Acolyte | 12 | |
| Crypt Fiend | 4 | |
| Ghoul | 4 | |
| Gargoyle | 14 | |
| Banshee | 1 | |
| Necromancer | 10 | |
| Chimaera | 1 | |
46 total
» upgrades
| Creature Attack | 2 | |
| Creature Carapace | 1 | |
| Web | 1 | |
| Unholy Strength | 1 | |
| Skeletal Longevity | 1 | |
| Necromancer Training | 2 | |
| Skeletal Mastery | 1 | |
9 total
» buildings
| Altar of Darkness | 1 | |
| Ziggurat | 11 | |
| Graveyard | 1 | |
| Crypt | 2 | |
| Tomb of Relics | 1 | |
| Nerubian Tower | 1 | |
| Spirit Tower | 4 | |
| Halls of the Dead | 1 | |
| Sacrificial Pit | 1 | |
| Temple of the Damned | 1 | |
| Black Citadel | 1 | |
| Necropolis | 1 | |
| Boneyard | 1 | |
| Tree of Life | 1 | |
28 total
» build order
00:12 Altar of Darkness
00:26 Ziggurat
00:44 Graveyard
01:04 Crypt
01:37 Ziggurat
02:15 Tomb of Relics
02:44 Crypt
03:41 Nerubian Tower
03:46 Spirit Tower
04:20 Ziggurat
04:50 Halls of the Dead
05:57 Spirit Tower
06:16 Ziggurat
07:38 Spirit Tower
09:42 Ziggurat
09:52 Ziggurat
11:27 Sacrificial Pit
11:58 Temple of the Damned
12:05 Spirit Tower
12:11 Black Citadel
15:39 Necropolis
19:41 Boneyard
20:25 Ziggurat
23:06 Ziggurat
23:10 Ziggurat
25:15 Ziggurat
25:26 Ziggurat
34:09 Tree of Life
» items
team 2 (loser)
Roll_Tide (
green | 24 APM | 854 actions | 34:55)
7 Demon Hunter
3 Immolation
3 Evasion
1 Metamorphosis
» actions
| Assign group hotkey | 9 | |
| Build / train | 81 | |
| Enter build submenu | 27 | |
| Enter hero's abilities submenu | 7 | |
| Right click | 345 | |
| Select / deselect | 251 | |
| Select group hotkey | 92 | |
| Use ability | 41 | |
854 total
» units
| Wisp | 21 | |
| Archer | 30 | |
| Hippogryph | 11 | |
62 total
» upgrades
| Strength of the Moon | 3 | |
| Moon Armor | 3 | |
| Improved Bows | 1 | |
| Marksmanship | 1 | |
| Hippogryph Taming | 1 | |
9 total
» buildings
| Altar of Elders | 1 | |
| Moon Well | 7 | |
| Ancient of War | 2 | |
| Hunter's Hall | 1 | |
| Tree of Ages | 1 | |
| Ancient Protector | 2 | |
| Tree of Life | 3 | |
| Tree of Eternity | 1 | |
| Ancient of Lore | 3 | |
| Ancient of Wind | 3 | |
24 total
» build order
00:07 Altar of Elders
00:58 Moon Well
01:14 Ancient of War
01:53 Moon Well
02:41 Moon Well
03:08 Moon Well
03:36 Ancient of War
04:04 Hunter's Hall
05:14 Moon Well
07:16 Tree of Ages
07:27 Ancient Protector
11:59 Tree of Life
12:15 Moon Well
12:38 Tree of Eternity
18:06 Tree of Life
18:18 Ancient of Lore
18:22 Ancient of Lore
19:25 Ancient of Lore
19:56 Ancient of Wind
20:01 Ancient of Wind
21:56 Ancient of Wind
22:45 Ancient Protector
24:21 Tree of Life
31:51 Moon Well

»
xXDeathXx (
pink | 37 APM | 1797 actions | 47:56)
7 Priestess of the Moon
3 Trueshot Aura
2 Scout
1 Starfall
1 Searing Arrows
4 Keeper of the Grove
2 Entangling Roots
2 Thorns Aura
2 Demon Hunter
1 Mana Burn
1 Evasion
» actions
| Assign group hotkey | 29 | |
| Basic commands | 102 | |
| Build / train | 139 | |
| Enter build submenu | 23 | |
| Enter hero's abilities submenu | 14 | |
| Give item / drop item | 3 | |
| Remove unit from queue | 2 | |
| Right click | 437 | |
| Select / deselect | 472 | |
| Select group hotkey | 480 | |
| Use ability | 94 | |
1797 total
» units
| Wisp | 22 | |
| Archer | 40 | |
| Goblin Shredder | 1 | |
| Hippogryph | 21 | |
| Faerie Dragon | 17 | |
101 total
» upgrades
| Hippogryph Taming | 1 | |
| Improved Bows | 1 | |
| Strength of the Moon | 3 | |
| Moon Armor | 3 | |
| Marksmanship | 1 | |
| Well Spring | 1 | |
| Ultravision | 1 | |
11 total
» buildings
| Altar of Elders | 2 | |
| Moon Well | 13 | |
| Ancient of War | 1 | |
| Tree of Ages | 1 | |
| Tree of Life | 4 | |
| Hunter's Hall | 2 | |
| Ancient of Wind | 3 | |
| Ancient Protector | 4 | |
| Tree of Eternity | 1 | |
| Ancient of Wonders | 3 | |
34 total
» build order
00:04 Altar of Elders
00:06 Moon Well
00:10 Ancient of War
02:22 Moon Well
03:30 Moon Well
05:22 Tree of Ages
06:53 Tree of Life
07:09 Moon Well
07:10 Moon Well
07:11 Moon Well
07:15 Hunter's Hall
07:47 Ancient of Wind
08:37 Ancient Protector
08:38 Ancient Protector
08:39 Ancient Protector
09:00 Ancient Protector
10:58 Moon Well
10:59 Moon Well
10:59 Moon Well
11:09 Tree of Eternity
12:40 Ancient of Wonders
15:46 Ancient of Wonders
15:52 Moon Well
15:52 Moon Well
15:52 Moon Well
15:53 Moon Well
22:51 Tree of Life
24:33 Ancient of Wind
24:33 Ancient of Wind
27:30 Hunter's Hall
28:19 Ancient of Wonders
30:01 Tree of Life
30:10 Tree of Life
35:53 Altar of Elders
» items
| Staff of Teleportation | 1 | |
| Boots of Speed | 1 | |
| Orb of Venom | 2 | |
| Scroll of Town Portal | 4 | |
8 total
P.E.P.E (
teal | 53 APM | 3164 actions | 59:16)
9 Archmage
3 Summon Water Elemental
3 Brilliance Aura
1 Mass Teleport
2 Blizzard
4 Naga Sea Witch
2 Frost Arrows
2 Forked Lightning
» actions
| Assign group hotkey | 72 | |
| Basic commands | 211 | |
| Build / train | 155 | |
| Enter build submenu | 95 | |
| Enter hero's abilities submenu | 14 | |
| Give item / drop item | 17 | |
| Remove unit from queue | 3 | |
| Right click | 912 | |
| Select / deselect | 657 | |
| Select group hotkey | 701 | |
| Use ability | 326 | |
3164 total
» units
| Peasant | 19 | |
| Footman | 4 | |
| Goblin Shredder | 2 | |
| Gryphon Rider | 9 | |
| Goblin Sapper | 19 | |
| Dragonhawk Rider | 3 | |
| Goblin Zeppelin | 1 | |
| Mortar Team | 7 | |
64 total
» upgrades
| Masonry | 3 | |
| Storm Hammers | 1 | |
| Swords | 3 | |
| Armor | 3 | |
| Animal War Training | 1 | |
| Cloud | 1 | |
| Gunpowder | 3 | |
| Plating | 3 | |
| Fragmentation Shards | 1 | |
| Flare | 1 | |
| Barrage | 0 | |
20 total
» buildings
| Altar of Kings | 2 | |
| Barracks | 1 | |
| Farm | 26 | |
| Scout Tower | 60 | |
| Arcane Tower | 1 | |
| Arcane Vault | 2 | |
| Lumber Mill | 1 | |
| Keep | 2 | |
| Guard Tower | 15 | |
| Town Hall | 6 | |
| Castle | 2 | |
| Gryphon Aviary | 4 | |
| Blacksmith | 2 | |
| Workshop | 5 | |
129 total
» build order
00:45 Altar of Kings
00:46 Barracks
00:56 Farm
01:00 Farm
01:11 Farm
01:50 Scout Tower
02:09 Farm
02:30 Arcane Tower
03:48 Arcane Vault
03:52 Lumber Mill
04:07 Keep
05:14 Scout Tower
05:14 Scout Tower
05:15 Scout Tower
05:16 Scout Tower
05:17 Scout Tower
05:45 Guard Tower
05:45 Guard Tower
06:16 Town Hall
07:38 Scout Tower
07:39 Scout Tower
07:41 Scout Tower
08:17 Castle
08:48 Scout Tower
08:50 Scout Tower
08:52 Scout Tower
09:13 Guard Tower
09:24 Guard Tower
09:29 Gryphon Aviary
09:31 Gryphon Aviary
09:37 Blacksmith
09:40 Blacksmith
09:57 Gryphon Aviary
10:27 Gryphon Aviary
10:35 Farm
12:54 Scout Tower
12:55 Scout Tower
12:56 Scout Tower
13:59 Scout Tower
13:59 Scout Tower
15:22 Guard Tower
15:25 Scout Tower
15:26 Scout Tower
15:26 Scout Tower
15:26 Scout Tower
15:29 Scout Tower
16:41 Guard Tower
18:17 Farm
18:17 Farm
18:17 Farm
18:17 Farm
18:18 Farm
22:06 Town Hall
22:47 Scout Tower
22:49 Scout Tower
22:51 Scout Tower
22:53 Scout Tower
22:57 Arcane Vault
23:36 Guard Tower
25:34 Scout Tower
25:34 Scout Tower
25:36 Scout Tower
25:36 Scout Tower
27:09 Town Hall
27:41 Town Hall
28:13 Scout Tower
28:13 Scout Tower
28:14 Scout Tower
28:16 Scout Tower
28:17 Scout Tower
28:18 Scout Tower
28:18 Scout Tower
28:19 Scout Tower
28:19 Scout Tower
28:20 Scout Tower
28:20 Scout Tower
28:20 Scout Tower
28:21 Scout Tower
28:22 Scout Tower
28:23 Scout Tower
28:24 Scout Tower
28:24 Scout Tower
28:25 Scout Tower
28:26 Scout Tower
28:26 Scout Tower
28:27 Scout Tower
28:27 Scout Tower
28:27 Scout Tower
28:29 Scout Tower
28:29 Scout Tower
28:59 Scout Tower
29:02 Scout Tower
29:04 Scout Tower
29:05 Scout Tower
29:07 Scout Tower
29:35 Guard Tower
30:37 Guard Tower
30:42 Guard Tower
30:44 Guard Tower
31:18 Guard Tower
32:23 Guard Tower
37:29 Guard Tower
39:35 Guard Tower
41:26 Town Hall
41:30 Town Hall
42:21 Altar of Kings
51:20 Farm
51:21 Farm
51:21 Farm
51:22 Farm
51:26 Farm
51:28 Farm
51:32 Farm
51:35 Farm
51:37 Farm
51:58 Keep
53:26 Farm
53:29 Farm
53:30 Farm
53:32 Farm
53:34 Farm
54:19 Castle
55:10 Workshop
55:11 Workshop
55:11 Workshop
55:14 Workshop
55:18 Workshop
56:04 Farm
» items
| Mechanical Critter | 9 | |
| Periapt of Vitality | 2 | |
| Boots of Speed | 2 | |
| Potion of Lesser Invulnerability | 2 | |
| Scroll of Town Portal | 4 | |
| Scroll of Regeneration | 4 | |
| Staff of Sanctuary | 1 | |
| Potion of Healing | 1 | |
| Staff of Teleportation | 2 | |
| Circlet of Nobility | 1 | |
| Gloves of Haste | 1 | |
29 total
HORE (
purple | 48 APM | 2437 actions | 50:59)
6 Blademaster
3 Wind Walk
2 Critical Strike
1 Bladestorm
1 Shadow Hunter
1 Healing Wave
» actions
| Assign group hotkey | 19 | |
| Basic commands | 30 | |
| Build / train | 91 | |
| ESC pressed | 7 | |
| Enter build submenu | 29 | |
| Enter hero's abilities submenu | 7 | |
| Give item / drop item | 5 | |
| Right click | 825 | |
| Select / deselect | 590 | |
| Select group hotkey | 653 | |
| Use ability | 179 | |
2437 total
» units
| Peon | 18 | |
| Grunt | 8 | |
| Makrura Snapper | 1 | |
| Raider | 2 | |
| Troll Batrider | 17 | |
46 total
» upgrades
| Pillage | 1 | |
| Spiked Barricades | 2 | |
| Melee Weapons | 1 | |
| Armor | 1 | |
| Backpack | 1 | |
| Ensnare | 1 | |
| Ranged Weapons | 1 | |
8 total
» buildings
| Altar of Storms | 1 | |
| Orc Burrow | 5 | |
| Barracks | 2 | |
| Voodoo Lounge | 1 | |
| War Mill | 1 | |
| Stronghold | 2 | |
| Watch Tower | 8 | |
| Great Hall | 2 | |
| Beastiary | 2 | |
| Fortress | 2 | |
| Spirit Lodge | 1 | |
| Moon Well | 1 | |
28 total
» build order
00:03 Altar of Storms
00:17 Orc Burrow
00:39 Barracks
01:40 Voodoo Lounge
02:00 Orc Burrow
02:17 War Mill
02:53 Barracks
04:48 Orc Burrow
05:10 Stronghold
06:54 Watch Tower
07:11 Great Hall
08:45 Beastiary
09:16 Orc Burrow
10:16 Orc Burrow
10:41 Beastiary
12:44 Fortress
12:57 Spirit Lodge
15:11 Great Hall
18:59 Watch Tower
19:02 Watch Tower
19:03 Stronghold
19:10 Watch Tower
19:23 Watch Tower
20:53 Watch Tower
22:40 Watch Tower
22:42 Watch Tower
23:16 Fortress
41:10 Moon Well
» items
| Scroll of Speed | 3 | |
| Healing Salve | 2 | |
| Lesser Clarity Potion | 3 | |
| Potion of Mana | 2 | |
| Potion of Healing | 6 | |
| Scroll of Town Portal | 3 | |
| Claws of Attack +9 | 1 | |
| Claws of Attack +6 | 1 | |
| Orb of Lightning | 1 | |
| Boots of Speed | 2 | |
24 total
Chat log
(01:24 / Allies) gods_agree: hi guys
(01:25 / Allies) ChronicKTA: rush
(01:29 / Allies) gods_agree: we have all races
(01:30 / Allies) yourfriendlybsr: cc
(01:31 / Allies) gods_agree: nah
(01:35 / Allies) gods_agree: cc better
(01:41 / Allies) ChronicKTA: they suck
(01:47 / Allies) yourfriendlybsr: what makes you think that?
(01:47 / Allies) Dblbarrelz: we are dead
(01:50 / Allies) ChronicKTA: mu friends on their team
(01:56 / Allies) ChronicKTA: he says they noob
(02:02 / All) yourfriendlybsr: who is your friend?
(02:05 / Allies) ChronicKTA: hore
(02:05 / Allies) yourfriendlybsr: oops
(02:06 / Allies) ChronicKTA: loll
(02:07 / Allies) yourfriendlybsr: oh
(02:19 / Allies) ChronicKTA: were in the same room lol
(05:05 / Allies) gods_agree: man
(06:49 / Allies) ChronicKTA: hol up
(08:48 / Allies) ChronicKTA: help
(08:59 / Allies) ChronicKTA: come
(09:01 / Allies) ChronicKTA: green
(09:06 / Allies) ChronicKTA: is about to jump me
(11:28 / Allies) yourfriendlybsr: lol
(11:38 / Allies) ChronicKTA: lol
(11:40 / Allies) ChronicKTA: too high
(13:09 / Allies) gods_agree: blue ?
(14:37 / Allies) ChronicKTA: tp
(14:44 / Allies) gods_agree: go pls
(14:52 / Allies) gods_agree: GO !!!!!!!
(14:55 / Allies) ChronicKTA: hi
(15:24 / Allies) gods_agree: gold pls bluw
(15:41 / Allies) gods_agree: a
(15:44 / Allies) gods_agree: litlle
(16:05 / Allies) gods_agree: ty
(16:23 / Allies) Dblbarrelz: maybe u can spend gold on a book on how not to suck worse each night
(16:49 / Allies) ChronicKTA: BURRO
(17:28 / All) yourfriendlybsr: You suck big time green lol
(17:42 / All) Roll_Tide: shit nigga you right
(19:44 / Allies) yourfriendlybsr: garg here
(21:19 / Allies) gods_agree: yellow u banking ???
(21:48 / Allies) Dblbarrelz: aa
(21:50 / Allies) yourfriendlybsr: Sorry, I am Jewish
(22:03 / Allies) gods_agree: u not friendly
(22:07 / Allies) Dblbarrelz: fukin morons
(22:53 / Allies) Dblbarrelz: hit now
(23:03 / Allies) Dblbarrelz: stop chasing them all over the amp
(23:05 / Allies) Dblbarrelz: map
(23:13 / Allies) ChronicKTA: KILL HORE
(23:15 / Allies) yourfriendlybsr: I'm hitting
(23:18 / Allies) Dblbarrelz: go chim noob
(23:38 / Allies) Dblbarrelz: gooooo nooob\
(24:48 / Allies) Dblbarrelz: go hit
(24:51 / Allies) Dblbarrelz: fuk towns
(25:13 / Allies) Dblbarrelz: red u fukin douche
(25:19 / Allies) gods_agree: shut up fag
(25:26 / Allies) Dblbarrelz: kill towerds
(25:59 / Allies) yourfriendlybsr: damn orange you need to get units
(26:02 / Allies) yourfriendlybsr: I can't do everything for you man
(26:07 / Allies) Dblbarrelz: chims on main
(26:27 / Allies) Dblbarrelz: what a fukin douche
(31:11 / Allies) Dblbarrelz: hit or leave
(31:16 / Allies) Dblbarrelz: sitting here we lose
(31:23 / Allies) Dblbarrelz: race to end
(32:42 / All) P.E.P.E: Pink is a good player lol
(32:43 / Allies) Dblbarrelz: send more
(32:57 / Allies) Dblbarrelz: spend
(33:37 / All) ChronicKTA: bye
(34:03 / All) yourfriendlybsr: accidentally canceled that shackle but gree ncan't micro to kil lanything
(34:15 / Allies) Dblbarrelz: thats me asshole
(34:22 / Allies) yourfriendlybsr: you suck and I need an expo
(34:27 / Allies) Dblbarrelz: blow me
(34:28 / All) xXDeathXx: its okay teal is tk team now
(34:39 / All) HORE: took my expo
(34:41 / All) ChronicKTA: this game
(34:44 / All) HORE: so i cant get gold
(34:47 / Allies) ChronicKTA: give red money
(34:47 / All) P.E.P.E: you weren't using it anyway
(34:51 / Allies) ChronicKTA: and spend on chims
(34:52 / Allies) ChronicKTA: jesus
(34:56 / All) HORE: fuck off teal
(34:59 / All) HORE: fucking troll
(35:03 / All) P.E.P.E: Fuck you, newbie
(35:09 / All) HORE: right
(35:18 / All) P.E.P.E: 34-56 LOL
(35:27 / All) HORE: omg stats in a dead game
(35:33 / All) HORE: what a fucking chink ass nerd
(35:37 / All) yourfriendlybsr: Dead because of noobs like purple and orange
(35:42 / All) yourfriendlybsr: and green and pink
(35:58 / All) ChronicKTA: i didnt try cause fuck yall
(36:29 / All) HORE: i hoard my allies gold and tk them because i think im better than them
(36:31 / All) HORE: What fucking logic is taht
(36:46 / All) yourfriendlybsr: I don't know, why did you do that purple?
(36:47 / All) P.E.P.E: the logic of champions
(36:55 / All) yourfriendlybsr: why did you decide to ruin the game for your team?
(36:59 / All) HORE: Logic of retards who shouldve been swallowed
(38:18 / All) xXDeathXx: although 15 gold is neat
(38:19 / All) P.E.P.E: Purple is a scrub, cost us the game!
(38:26 / All) HORE: yeah
(39:47 / Allies) Dblbarrelz: douche bag
(40:03 / Allies) Dblbarrelz: ur a fukin douche bag
(40:08 / Allies) yourfriendlybsr: thanks
(40:14 / Allies) yourfriendlybsr: I always wanted to be a douchebag
(40:16 / Allies) Dblbarrelz: i get ur ip
(40:23 / Allies) yourfriendlybsr: my ip is 127.0.0.1
(40:32 / Allies) Dblbarrelz: y ea douche
(40:32 / Allies) yourfriendlybsr: what are you going to do with it
(40:38 / Allies) Dblbarrelz: u will see
(40:50 / Allies) yourfriendlybsr: what will I see?
(40:57 / Allies) Dblbarrelz: this is not 12 yrs ago
(41:08 / Allies) Dblbarrelz: u stupid douche
(41:08 / Allies) yourfriendlybsr: will you make porno and viruses pop up on my screen like I got lost in the early 2000s internet?
(41:25 / All) ChronicKTA: yall need to fuck yourselves
(42:30 / All) ChronicKTA: yall are fuck boys
(42:33 / Allies) yourfriendlybsr: I don't need your control to kill you
(42:34 / All) ChronicKTA: go eat a dick
(42:42 / All) ChronicKTA: no shit fuck boy
(42:48 / All) ChronicKTA: you tking shit
(42:58 / All) yourfriendlybsr: if you're angry maybe you should join up with blue in hacking me
(43:00 / All) yourfriendlybsr: he has my IP
(43:03 / All) P.E.P.E: orange is a total scrub
(43:15 / All) yourfriendlybsr: it's 127.0.0.1 as I said and he confirmed, I'm really scared
(43:18 / All) yourfriendlybsr: he's going to hack localhost
(44:30 / All) ChronicKTA: you and teal are just egomaniac fuck boys who think theyre kings on a dead game. no beef yall just have your fun
(44:49 / All) P.E.P.E: ;lol at orj
(45:56 / All) yourfriendlybsr: That lag doesn't bode well for your luck in the standoff pink
(47:46 / All) P.E.P.E: fun's just starting
(48:17 / All) yourfriendlybsr: oops lawl
(48:22 / All) yourfriendlybsr: killed orange's shade by trying to mass tp to it
(48:26 / All) yourfriendlybsr: didn't realise it revealed it
(48:34 / All) P.E.P.E: It do
(48:35 / All) yourfriendlybsr: well, you can scout with my arcane towers
(49:37 / All) yourfriendlybsr: I AM TEAL
(49:39 / All) P.E.P.E: I AM YELLOW
(51:09 / All) P.E.P.E: lawl
(51:48 / All) P.E.P.E: thankfully he did it before I killed my last peons
(52:00 / All) yourfriendlybsr: Towers at mid left, top left, top mid
(52:03 / All) yourfriendlybsr: and some stuff at my base
(52:07 / All) yourfriendlybsr: I'm self destructing all I can
(52:55 / All) P.E.P.E: oh yeah gotta tech to castle lawl
(55:26 / All) P.E.P.E: you kilt my critter? lawl
(55:29 / All) yourfriendlybsr: lawl
(58:38 / All) P.E.P.E: it actually would have been a lot faster to just attack it with my griff, and two heroes plus sappers lawl
(58:46 / All) P.E.P.E: I didn't really think about it
(59:05 / All) yourfriendlybsr: LOL
(59:10 / All) yourfriendlybsr: Wow